 Dungeon Crawl Stone Soup version 0.28-a0-1080-g05a166d0ed (webtiles) character file.

Game seed: 526107932205124347

9571 Gwenloh the Schismatic (level 11, -2/81 (89) HPs)
             Began as a Demonspawn Abyssal Knight on Dec 9, 2021.
             Was an Elder of Lugonu.
             Slain by a hell rat (14 damage)
             ... on level 2 of the Lair of Beasts.
             The game lasted 00:30:52 (14701 turns).

Gwenloh the Schismatic (Demonspawn Abyssal Knight) Turns: 14701, Time: 00:30:53

HP:   -2/81 (89)    AC:  7    Str: 14    XL:     11   Next: 24%
MP:   19/19         EV: 11    Int: 11    God:    Lugonu [****..]
Gold: 1039          SH:  8    Dex: 18    Spells: 10/10 levels left

rFire   + . .      SeeInvis .   a - +0 flail
rCold   . . .      Faith    .   (no shield)
rNeg    . . .      Spirit   .   x - +2 leather armour {rF+}
rPois   +          Reflect  .   u - +0 helmet
rElec   .          Harm     .   (no cloak)
rCorr   .          Rampage  .   l - +0 pair of gloves
Will    .....                   (no boots)
Stlth   +.........              (no amulet)
HPRegen 0.23/turn               E - ring of poison resistance
MPRegen 0.16/turn               (no ring)

@: drained
A: large bone plates 3, spiny 2, demonic touch 1
a: Renounce Religion, Depart the Abyss, Bend Space, Banish, Corrupt


You were on level 2 of the Lair of Beasts.
You worshipped Lugonu.
Lugonu was greatly pleased with you.
You visited 2 branches of the dungeon, and saw 10 of its levels.
You visited the Abyss 1 time.

You collected 1039 gold pieces.

Inventory:

Hand Weapons
 a - a +0 flail (weapon)
 b - a +0 hunting sling
 k - a +1 mace
 q - a +0 hand crossbow
 D - a +0 whip
 F - a +3 battleaxe
Missiles
 d - 333 stones
 i - 3 boomerangs
 o - 3 javelins
 r - 73 bolts
 t - a throwing net
 A - 8 poisoned darts
 M - 3 sling bullets
Armour
 f - +0 steam dragon scales
 l - a +0 pair of gloves (worn)
 u - a +0 helmet (worn)
 x - a +2 leather armour of fire resistance (worn)
Jewellery
 g - an amulet of regeneration
 E - a ring of poison resistance (left hand)
 I - a ring of fire
Wands
 H - a wand of polymorph (23)
 P - a wand of iceblast (4) (quivered)
 R - a wand of digging (8)
Scrolls
 e - 7 scrolls of teleportation
 h - 2 scrolls of fog
 y - 3 scrolls of magic mapping
 B - a scroll of summoning
 C - 2 scrolls of fear
 N - a scroll of enchant weapon {unknown}
 O - 3 scrolls of immolation
 Q - a scroll of brand weapon {unknown}
 S - a scroll of vulnerability {unknown}
Potions
 c - 2 potions of curing {unknown}
 j - 3 potions of invisibility {unknown}
 m - 2 potions of attraction {unknown}
 n - a potion of heal wounds {unknown}
 p - 2 potions of berserk rage
 s - 3 potions of might {unknown}
 v - 5 potions of degeneration {unknown}
 w - 2 potions of cancellation {unknown}
 z - a potion of mutation {unknown}
 G - 2 potions of magic {unknown}
 K - a potion of lignification {unknown}
Miscellaneous
 L - a phial of floods


   Skills:
 + Level 9.6 Fighting
 * Level 11.6 Maces & Flails
 - Level 1.7 Armour
 - Level 0.8 Dodging
 + Level 11.7 Invocations


You had 10 spell levels left.
You didn't know any spells.
Your spell library contained the following spells:

 Spells                   Type           Power      Damage    Failure   Level
 Ignite Poison            Fire/Tmut/Pois 0%         N/A       78%         3
 Mephitic Cloud           Conj/Pois/Air  0%         N/A       78%         3
 Tukima's Dance           Hex            0%         N/A       78%         3
 Hailstorm                Conj/Ice       0%         3d3       99%         4
 Ice Form                 Ice/Tmut       0%         N/A       99%         4
 Passage of Golubria      Tloc           0%         N/A       99%         4
 Freezing Cloud           Conj/Ice/Air   0%         6-21      100%        5
 Yara's Violent Unravell  Hex/Tmut       0%         3d3       100%        5
 Simulacrum               Ice/Necr       0%         N/A       100%        6


Dungeon Overview and Level Annotations

Branches:
Dungeon (8/15)             Temple (0/1) D:5            Lair (2/6) D:8
  Swamp: Lair:2-4    Shoals: Lair:2-4     Snake: Lair:2-4    Spider: Lair:2-4

Altars:
Dithmenos
Elyvilon
Gozag
Okawaru
Trog
Vehumet
Yredelemnul
The Shining One


Innate Abilities, Weirdness & Mutations

You are completely covered in large bone plates. (SH +8)
You are mostly covered in sharp spines.
Your touch may inflict minor irresistible damage on your foes.


Message History

The hell rat barely misses you. The hell rat is struck by your spines.
The hell rat bites you!
You feel drained.
You barely miss the hell rat.
You touch the hell rat.
You kill the hell rat!
Lugonu accepts your kill. The hell rat is struck by your spines.
The hell rat bites you but does no damage.
The hell rat is struck by your spines. The hell rat bites you.
You feel drained. The hell rat is struck by your spines.
You kill the hell rat!
Lugonu accepts your kill.
A cane toad comes into view.
You are too injured to fight recklessly!
You are too injured to fight recklessly!
You are too injured to fight recklessly!
You barely miss the hell rat.
You touch the hell rat.
The hell rat is moderately wounded.
The hell rat is struck by your spines. The hell rat closely misses you. x2
You closely miss the hell rat.
You touch the hell rat.
The hell rat is severely wounded.
The hell rat barely misses you. x2
You closely miss the hell rat.
The hell rat is severely wounded.
The hell rat bites you!
You feel drained.
* * * LOW HITPOINT WARNING * * *
The hell rat closely misses you. The hell rat is struck by your spines.
The hell rat closely misses you.
You hit the hell rat but do no damage.
The hell rat is almost dead.
The hell rat closely misses you. The hell rat bites you!
* * * LOW HITPOINT WARNING * * *
The hell rat is struck by your spines.
You kill the hell rat!
Lugonu accepts your kill.
A yak comes into view.
The yak bellows!
You hear a bellow! x2
The hell rat bites you.
* * * LOW HITPOINT WARNING * * *
The hell rat bites you!
You die...

## #...8.. .
##.#......#
...###........#
...).....8....
............# .#
..........F# ..Y
..........##....
......##r#......
#.......@†.....<
......†..r......
......†.........
................
#.#.............
# #(....#.#.....
###..#........
### #####... P#


You could see a yak, a cane toad and 2 hell rats.

Vanquished Creatures
  A rime drake (Lair:2)
  2 komodo dragons (Lair:1)
  A polar bear (Lair:1)
  A meliai zombie (D:8)
  A wyvern (Lair:2)
  5 yaks (D:7)
  2 steam dragons (D:8)
  10 water moccasins
  3 ice beasts
  2 hornet zombies (D:8)
  2 black bears (Lair:1)
  2 orc warriors
  3 ogres
  A centaur (D:7)
  3 phantoms
  A kobold brigand (D:8)
  6 bullfrogs
  A scorpion (D:4)
  7 wights
  3 howler monkeys (D:8)
  A bullfrog zombie (D:6)
  8 centaur zombies
  2 centaur skeletons
  2 jellies
  5 orc priests
  8 hounds
  A bullfrog skeleton (D:4)
  5 iguanas
  9 orc wizards
  4 hell rats (Lair:2)
  2 howler monkey skeletons
  7 adders
  5 shadow imps (D:8)
  2 white imps (D:6)
  An ufetubus (D:4)
  2 worms
  3 dart slugs
  28 orcs
  5 bats
  5 endoplasms
  3 giant cockroaches (D:5)
  10 hobgoblins
  9 quokkas
  6 ball pythons
  7 frilled lizards
  6 goblins
  7 kobolds
  6 rats
216 creatures vanquished.

Vanquished Creatures (others)
  5 fungi (Lair:1)
  4 plants (Lair:1)
  6 withered plants (D:8)
15 creatures vanquished.

Grand Total: 231 creatures vanquished

Notes
Turn   | Place    | Note
-------+----------+-------------------------------------------
     0 | Abyss:1  | Gwenloh the Demonspawn Abyssal Knight began the quest for
                  | the Orb.
     0 | Abyss:1  | Reached XP level 1. HP: 18/18 MP: 2/2
    38 | Abyss:1  | Noticed a starcursed mass
    52 | D:1      | Escaped the Abyss
   532 | D:1      | Gained mutation: You are partially covered in sharp spines.
                  | [demonic ancestry]
   532 | D:1      | Reached XP level 2. HP: 18/24 MP: 3/3
   696 | D:1      | Reached * piety under Lugonu
  1006 | D:1      | Found a faded altar of an unknown god.
  1109 | D:2      | Found a basalt altar of Yredelemnul.
  1159 | D:2      | Gained mutation: You are partially covered in large bone
                  | plates. (SH +4) [demonic ancestry]
  1159 | D:2      | Reached XP level 3. HP: 14/29 MP: 5/5
  1599 | D:2      | Gained mutation: You are mostly covered in large bone
                  | plates. (SH +6) [demonic ancestry]
  1599 | D:2      | Reached XP level 4. HP: 35/37 MP: 6/6
  1874 | D:2      | Reached ** piety under Lugonu
  2551 | D:3      | Found a basalt altar of Yredelemnul.
  2568 | D:3      | Found an iron altar of Okawaru.
  2804 | D:4      | Reached XP level 5. HP: 8/42 MP: 5/7
  3254 | D:4      | Noticed an ogre
  3436 | D:4      | Noticed a phantom
  3456 | D:3      | Killed a phantom
  3457 | D:3      | Reached XP level 6. HP: 33/49 MP: 9/9
  3837 | D:4      | Found a radiant altar of Vehumet.
  3938 | D:4      | Reached skill level 5 in Invocations
  4273 | D:4      | Reached skill level 5 in Fighting
  4273 | D:4      | Reached skill level 5 in Maces & Flails
  4273 | D:4      | Gained mutation: You are completely covered in large bone
                  | plates. (SH +8) [demonic ancestry]
  4273 | D:4      | Reached XP level 7. HP: 28/56 MP: 10/10
  4504 | D:5      | Entered Level 5 of the Dungeon
  4637 | D:5      | Found a bloodstained altar of Trog.
  4717 | D:5      | Reached *** piety under Lugonu
  4722 | D:5      | Found a shadowy altar of Dithmenos.
  5720 | D:5      | Reached XP level 8. HP: 47/64 MP: 12/12
  6013 | D:5      | Found a staircase to the Ecumenical Temple.
  8404 | D:7      | Reached XP level 9. HP: 53/71 MP: 13/15
  8612 | D:7      | Identified the +9 quarterstaff of the Final Decision {pain,
                  | rC+}
  8958 | D:7      | Noticed a komodo dragon
  8972 | D:7      | Banished a komodo dragon
 10351 | D:8      | Identified a scroll of acquirement
 10352 | D:8      | Acquired 526 gold pieces
 10355 | D:8      | Found a staircase to the Lair.
 10419 | D:8      | Noticed a hellwing
 10424 | D:8      | Banished a hellwing
 10425 | D:8      | Gained mutation: You are mostly covered in sharp spines.
                  | [demonic ancestry]
 10425 | D:8      | Reached XP level 10. HP: 79/80 MP: 12/17
 10497 | D:8      | Reached skill level 10 in Invocations
 10717 | D:8      | Reached skill level 10 in Maces & Flails
 10828 | D:8      | Reached **** piety under Lugonu
 10995 | D:8      | HP: 1/82 [hornet zombie (11)]
 12679 | D:8      | Found an opulent altar of Gozag.
 13626 | Lair:1   | Entered Level 1 of the Lair of Beasts
 13721 | Lair:1   | Gained mutation: Your touch may inflict minor irresistible
                  | damage on your foes. [demonic ancestry]
 13721 | Lair:1   | Reached XP level 11. HP: 83/89 MP: 19/19
 14701 | Lair:2   | Slain by a hell rat

Illustrated notes

Levels and vault maps discovered:
D:1:      amcnicky_arrival_choice, layout_loops_ring,
          hellmonk_ecumenical_altar_pennies_from_heaven, minmay_domino_2
D:2:      layout_basic, basic_altar, guppyfry_early_orc_mine
D:3:      layout_rooms, mainiacjoe_overflow_alcove_4,
          mainiacjoe_overflow_boulevard, minmay_misc_feat_encased
D:4:      layout_basic, fiery_altar_vehumet, st_stairs_13
D:5:      layout_basic, tso_altar, mainiacjoe_overflow_catwalk_spiral,
          minmay_temple_entry_butterflies, serial_co_window_serial,
          co_window_paths_b, co_window_of_opportunity_a, co_window_paths_a,
          co_window_paths_a, co_window_paths_a, co_window_paths_a,
          co_window_paths_b, co_window_cross_3, co_window_corner_b,
          co_window_corner_ca, co_window_broadway_c, co_window_4corner_b,
          glass_columns_a, portal_sewer_entry_f, st_stairs_4
D:6:      layout_basic, elyvilon_altar_4, minmay_misc_feat_five
D:7:      layout_loops_ring
D:8:      cheibrodos_grave_circle, layout_rooms,
          nicolae_gozag_cash_rules_everything_around_me,
          minmay_misc_feat_pillars, grunt_tough_drop
Lair:1:   layout_loops_ring, serial_bayou_pond_a
Lair:2:   layout_cave_shapes, guppyfry_snake_entry_garden, basic_altar,
          grunt_megastairs_3

Skill      XL: |  1  2  3  4  5  6  7  8  9 10 |
---------------+-------------------------------+-----
Maces & Flails | 2 3 4 5 6 7 9 11 | 11.6
Invocations    | 3 4 5 6 8 9 11 | 11.7
Fighting       | 4 5 6 8 9 |  9.6
Armour         | |  1.7
Dodging        | |  0.8

Action                   |  1- 3 |  4- 6 |  7- 9 | 10-12 || total
-------------------------+-------+-------+-------+-------++-------
Melee: Mace              |    65 |     9 |       |       ||    74
       Whip              |       |   120 |   156 |       ||   276
       Flail             |       |       |   187 |   244 ||   431
       Touch             |       |       |       |    11 ||    11
 Fire: Hunting sling     |       |    27 |   168 |    87 ||   282
Throw: Stone             |    40 |       |    23 |     7 ||    70
       Dart              |       |    71 |    10 |       ||    81
Invok: Depart the Abyss  |     1 |       |       |       ||     1
       Bend Space        |       |     1 |     3 |     2 ||     6
       Banish            |       |       |     2 |     1 ||     3
Evoke: Wand              |       |       |       |    19 ||    19
  Use: Scroll            |       |       |     6 |     2 ||     8
Armor: Leather armour    |    11 |    15 |    81 |   104 ||   211
Dodge: Dodged            |    31 |    48 |   137 |   142 ||   358
Block: Other             |     1 |    28 |    97 |    95 ||   221

Table legend: (Time is in decaauts)
 A = Elapsed time spent in this place.
 B = Non-inter-level travel time spent in this place.
 C = Inter-level travel time spent in this place.
 D = Time resting spent in this place.
 E = Time spent auto-exploring this place.
 F = Levels seen in this place.
 G = Mean time per level.
                   A        B        C        D        E       F      G
               +--------+--------+--------+--------+--------+-----+--------+
         Total |  14650 |  14277 |    373 |   2198 |   9695 |  11 | 1331.8 |
       Dungeon |  13534 |  13174 |    360 |   2198 |   8798 |   8 | 1691.8 |
          Lair |   1059 |   1046 |     13 |      0 |    855 |   2 |  529.5 |
         Abyss |     56 |     56 |      0 |      0 |     42 |   1 |   56.0 |
               +--------+--------+--------+--------+--------+-----+--------+

Top non-repeatable levels by time:
     D:7: 3301 daAuts
     D:6: 2196 daAuts
     D:5: 1769 daAuts
     D:8: 1719 daAuts
     D:4: 1663 daAuts
     D:1: 1069 daAuts
  Lair:1: 1032 daAuts
     D:2: 1008 daAuts
     D:3: 804 daAuts
 Abyss:1: 56 daAuts
  Lair:2: 27 daAuts
